 Dungeon Crawl Stone Soup version 0.22.0-49-gab54619674 (webtiles) character file.

287 JedernureinKreuz the Conjurer (level 6, 0/44 HPs)
             Began as a Gnoll Conjurer on Sept 8, 2018.
             Was an Initiate of Dithmenos.
             Slain by Pikel
             ... wielding a +2 whip of flaming
              (4 damage)
             ... on level 3 of the Dungeon.
             The game lasted 00:21:23 (2615 turns).

JedernureinKreuz the Conjurer (Gnoll Conjurer)      Turns: 2615, Time: 00:21:23

Health: 0/44       AC:  4    Str: 10    XL:     6   Next: 30%
Magic:  0/14       EV: 15    Int: 22    God:    Dithmenos [......]
Gold:   250        SH:  0    Dex: 16    Spells: 14/15 levels left

rFire    . . .     SeeInvis .   u - -1 dagger (curse)
rCold    . . .     Gourm    .   (no shield)
rNeg     . . .     Faith    .   a - +0 robe
rPois    +         Spirit   .   d - +1 helmet
rElec    .         Reflect  .   (no cloak)
rCorr    .         Harm     .   (no gloves)
MR       .....                  (no boots)
Stlth    +++.......             F - amulet of regeneration
HPRegen  0.54/turn              l - +3 ring of intelligence
MPRegen  0.14/turn              w - ring of poison resistance

@: drained
A: distributed training, fangs 1, strong nose
a: Renounce Religion


You were on level 3 of the Dungeon.
You worshipped Dithmenos.
Dithmenos was noncommittal.
You were not hungry.

You visited 1 branch of the dungeon, and saw 4 of its levels.

You collected 250 gold pieces.

Inventory:

Hand Weapons
 b - a +0 club
 e - a cursed -2 blowgun
 f - a +0 dagger
 i - a +1 short sword
 o - a +0 short sword
 u - a cursed -1 dagger (weapon)
 v - a +0 short sword
 x - a +0 dagger of draining
 z - a +2 dagger of chaos
 A - a +0 hunting sling of freezing
Missiles
 m - 94 sling bullets
 n - 52 stones (quivered)
 r - 8 poisoned needles
 y - 17 bolts
Armour
 a - a +0 robe (worn)
 d - a +1 helmet (worn)
Jewellery
 l - a +3 ring of intelligence (left hand)
 w - a ring of poison resistance (right hand)
 F - an amulet of regeneration (around neck)
Wands
 t - a wand of flame (24)
Scrolls
 g - 5 scrolls of identify
 k - 2 scrolls of enchant armour
Potions
 h - 2 potions of brilliance {unknown}
 j - a potion of haste {unknown}
 p - a potion of agility {unknown}
 q - a potion of lignification {unknown}
 s - a potion of degeneration {unknown}
 B - a potion of mutation {unknown}
 C - a potion of curing {unknown}
 D - a potion of magic {unknown}
 E - a potion of might {unknown}
Comestibles
 c - 4 rations
 G - a chunk of flesh


   Skills:
 + Level 1.8(1.5) Fighting
 + Level 1.8(1.5) Short Blades
 + Level 1.8(1.5) Long Blades
 + Level 1.8(1.5) Axes
 + Level 1.8(1.5) Maces & Flails
 + Level 1.8(1.5) Polearms
 + Level 1.8(1.5) Staves
 + Level 1.8(1.5) Slings
 + Level 1.8(1.5) Bows
 + Level 1.8(1.5) Crossbows
 + Level 1.8(1.5) Throwing
 + Level 1.8(1.5) Armour
 + Level 4.9(4.6) Dodging
 + Level 4.5(4.2) Stealth
 + Level 1.8(1.5) Shields
 + Level 1.8(1.5) Unarmed Combat
 + Level 5.3(5.0) Spellcasting
 + Level 7.2(6.9) Conjurations
 + Level 1.4(1.1) Hexes
 + Level 1.4(1.1) Charms
 + Level 1.4(1.1) Summonings
 + Level 1.4(1.1) Necromancy
 + Level 1.4(1.1) Translocations
 + Level 1.4(1.1) Transmutations
 + Level 1.4(1.1) Fire Magic
 + Level 1.4(1.1) Ice Magic
 + Level 1.4(1.1) Air Magic
 + Level 1.4(1.1) Earth Magic
 + Level 1.4(1.1) Poison Magic
 + Level 2.0(1.7) Invocations
 + Level 1.8(1.5) Evocations


You had 14 spell levels left.
You knew the following spells:

 Your Spells              Type           Power        Failure   Level  Hunger
a - Magic Dart            Conj           ####         1%          1    None

Your spell library contained the following spells:

 Spells                   Type           Power        Failure   Level  Hunger
 Searing Ray              Conj           #####.       1%          2    None
 Dazzling Spray           Conj/Hex       ###...       6%          3    ##.....
 Iskenderun's Mystic Bla  Conj           #####...     6%          4    ####...
 Force Lance              Conj/Tloc      ###.....     19%         4    ####...
 Fulminant Prism          Conj/Hex       ###.......   19%         4    ####...


Dungeon Overview and Level Annotations

Branches:
Dungeon (4/15)
 Temple: D:4-7

Altars:
Cheibriados
Dithmenos
Elyvilon
Hepliaklqana
Qazlal
Sif Muna
Vehumet
Wu Jian
Xom

Annotations:
D:3 Pikel


Innate Abilities, Weirdness & Mutations

Your experience applies equally to all skills.
You have very sharp teeth.
Your uncanny sense of smell can sniff out nearby items.


Message History

The puff of flame hits Pikel.
Pikel is almost dead.
Pikel hits you with a whip of flaming.
* * * LOW HITPOINT WARNING * * *
Pikel burns you.
* * * LOW HITPOINT WARNING * * *
Casting: Magic Dart (safe; 1% risk of failure)
Confirm with . or Enter, or press ? or * to list all spells.
Aiming: Magic Dart (safe; 1% risk of failure)
Press: ? - help, Shift-Dir - straight line, f/p - Pikel
Aim: Pikel, wielding a whip of flaming and wearing a robe (almost dead)
The magic dart hits Pikel.
Pikel is almost dead.
Pikel misses you.
Evoke which item? (* to show all) (? for menu, Esc to quit)
Aiming: Throw Flame
Press: ? - help, Shift-Dir - straight line, f/p - Pikel
Aim: Pikel, wielding a whip of flaming and wearing a robe (almost dead)
The puff of flame misses Pikel.
Pikel hits you with a whip of flaming.
You die...

#......##.##...............
#......##.##....#####.#....
#......##..#...######......
#........#.....#...........
##.....#.........####......
#.........................
#............######.......
########.....###.K....#.[........
.....##.....####@.....#.###......
.............#........#.# #......
.................#..###.###......
.................................
................#.......####.....
..........<.......#######.......#
..................##......#######
..................##......#
..........................#


You could see Pikel.

Vanquished Creatures
  A slave (D:3)
  3 crimson imps (D:3)
  2 orc wizards (D:3)
  Terence (D:2)
  3 adders
  A worm (D:3)
  4 dart slugs
  2 leopard geckos (D:1)
  An orc (D:4)
  3 ball pythons
  3 giant cockroaches
  5 goblins
  9 hobgoblins
  8 jackals
  5 kobolds
  6 bats
  6 frilled lizards
  4 rats
  2 butterflies (D:2)
69 creatures vanquished.

Notes
Turn   | Place    | Note
-------+----------+-------------------------------------------
     0 | D:1      | JedernureinKreuz the Gnoll Conjurer began the quest for the
                  | Orb.
     0 | D:1      | Reached XP level 1. HP: 13/13 MP: 6/6
   127 | D:1      | Reached XP level 2. HP: 19/19 MP: 2/7
   544 | D:1      | Reached XP level 3. HP: 25/25 MP: 5/9
   582 | D:1      | Reached skill level 5 in Spellcasting
   926 | D:2      | Reached skill level 1 in Invocations
  1048 | D:2      | Reached skill level 1 in Fighting
  1048 | D:2      | Reached skill level 1 in Short Blades
  1048 | D:2      | Reached skill level 1 in Long Blades
  1048 | D:2      | Reached skill level 1 in Axes
  1048 | D:2      | Reached skill level 1 in Maces & Flails
  1048 | D:2      | Reached skill level 1 in Polearms
  1048 | D:2      | Reached skill level 1 in Staves
  1048 | D:2      | Reached skill level 1 in Slings
  1048 | D:2      | Reached skill level 1 in Bows
  1048 | D:2      | Reached skill level 1 in Crossbows
  1048 | D:2      | Reached skill level 1 in Throwing
  1048 | D:2      | Reached skill level 1 in Armour
  1048 | D:2      | Reached skill level 1 in Shields
  1048 | D:2      | Reached skill level 1 in Unarmed Combat
  1048 | D:2      | Reached skill level 1 in Evocations
  1049 | D:2      | Noticed Terence
  1059 | D:2      | Killed Terence
  1059 | D:2      | Reached XP level 4. HP: 32/32 MP: 0/11
  1181 | D:2      | Found a shimmering altar of Xom.
  1209 | D:2      | Found a hazy altar of Hepliaklqana.
  1211 | D:2      | Found a snail-covered altar of Cheibriados.
  1227 | D:2      | Found a white marble altar of Elyvilon.
  1232 | D:2      | Found a stormy altar of Qazlal.
  1578 | D:3      | Reached skill level 1 in Hexes
  1578 | D:3      | Reached skill level 1 in Charms
  1578 | D:3      | Reached skill level 1 in Summonings
  1578 | D:3      | Reached skill level 1 in Necromancy
  1578 | D:3      | Reached skill level 1 in Translocations
  1578 | D:3      | Reached skill level 1 in Transmutations
  1578 | D:3      | Reached skill level 1 in Fire Magic
  1578 | D:3      | Reached skill level 1 in Ice Magic
  1578 | D:3      | Reached skill level 1 in Air Magic
  1578 | D:3      | Reached skill level 1 in Earth Magic
  1578 | D:3      | Reached skill level 1 in Poison Magic
  1758 | D:3      | Found a radiant altar of Vehumet.
  1758 | D:3      | Found a shadowy altar of Dithmenos.
  1774 | D:3      | Became a worshipper of Dithmenos the Shadowed
  1803 | D:3      | Reached XP level 5. HP: 37/37 MP: 7/12
  1848 | D:3      | Found a deep blue altar of Sif Muna.
  2228 | D:3      | Found a shimmering altar of Xom.
  2346 | D:3      | Reached XP level 6. HP: 44/44 MP: 8/13
  2492 | D:4      | Noticed a slave
  2492 | D:4      | Noticed a slave
  2493 | D:4      | Noticed a slave
  2493 | D:4      | Noticed a slave
  2496 | D:4      | Noticed Pikel
  2504 | D:3      | Killed a slave
  2571 | D:4      | Found an ornate altar of the Wu Jian Council.
  2615 | D:3      | Slain by Pikel

Skill      XL: |  1  2  3  4  5 |
---------------+----------------+-----
Spellcasting   | 5 |  5.3
Invocations    | 1 2 |  2.0
Fighting       | 1 |  1.8
Short Blades   | 1 |  1.8
Long Blades    | 1 |  1.8
Axes           | 1 |  1.8
Maces & Flails | 1 |  1.8
Polearms       | 1 |  1.8
Staves         | 1 |  1.8
Slings         | 1 |  1.8
Bows           | 1 |  1.8
Crossbows      | 1 |  1.8
Throwing       | 1 |  1.8
Armour         | 1 |  1.8
Shields        | 1 |  1.8
Unarmed Combat | 1 |  1.8
Evocations     | 1 |  1.8
Hexes          | 1 |  1.4
Charms         | 1 |  1.4
Summonings     | 1 |  1.4
Necromancy     | 1 |  1.4
Translocations | 1 |  1.4
Transmutations | 1 |  1.4
Fire Magic     | 1 |  1.4
Ice Magic      | 1 |  1.4
Air Magic      | 1 |  1.4
Earth Magic    | 1 |  1.4
Poison Magic   | 1 |  1.4
Dodging        | |  4.9
Stealth        | |  4.5
Conjurations   | |  7.2

Action                   |  1- 3 |  4- 6 || total
-------------------------+-------+-------++-------
Melee: Dagger            |     3 |    15 ||    18
       Bite              |     1 |     1 ||     2
 Cast: Magic Dart        |    68 |    95 ||   163
Evoke: Wand              |       |     9 ||     9
  Use: Scroll            |       |     7 ||     7
  Eat: Chunk             |       |     3 ||     3
       Ration            |       |     1 ||     1
Armor: Robe              |     1 |     5 ||     6
Dodge: Dodged            |     3 |    22 ||    25
